 Dungeon Sprint DCSS version 0.30-a0-737-gf23d94013f (webtiles) character file.

Game seed: 14464270826019679461

1190 sircluck the Blocker (level 8, -1/132 HPs)
             Began as a Troll Fighter on Feb 2, 2023.
             Succumbed to Sonja's poison
             ... in the Dungeon (Sprint I: "Red Sonja").
             The game lasted 00:02:56 (409 turns).

sircluck the Blocker (Troll Fighter)                 Turns: 409, Time: 00:02:57

Health: -1/132     AC:  4    Str: 27    XL:     8   Next: 20%
Magic:  7/7        EV: 11    Int:  4    God:
Gold:   405        SH: 10    Dex:  9    Spells: 7/7 levels left

rFire   . . .      SeeInvis .      - Unarmed
rCold   . . .      Faith    .    b - +0 kite shield
rNeg    . . .      Spirit   .    a - +0 robe
rPois   .          Reflect  .    (helmet restricted)
rElec   .          Harm     .    (no cloak)
rCorr   .          Rampage  .    (gloves unavailable)
Will    .....      NoTele   +    (boots unavailable) Stlth
                                 (no amulet)
HPRegen 1.22/turn                (no ring)
MPRegen 0.10/turn                (no ring)

@: berserking (expiring), lethally poisoned (-1 -> -22), very quick
A: large, unfitting armour, claws 3, regeneration 1, shaggy fur 1, tough skin 1
a: no special abilities


You were in the Dungeon.
You visited 1 branch You collected 405 gold pieces.

Inventory:

Armour
 a - a +0 robe (worn)
 b - a +0 kite shield (worn)
Magical Staves
 m - a staff of earth
Wands
 j - a wand of acid (9)
 k - a wand of flame (18)
Potions
 c - a potion of might
 f - a potion of haste
 g - 2 potions of magic
 l - a potion of invisibility (quivered) {unknown}


   Skills:
 + Level 8.0 Fighting
 + Level 8.3 Dodging
 + Level 9.1 Shields
 + Level 8.8 Unarmed Combat
 + Level 0.3 Evocations


You had 7 spell levels left.
You didn't know any spells.
Your spell library contained the following spells:

 Spells                   Type           Power      Damage    Failure   Level
 Ozocubu's Armour         Ice            0%         N/A       97%         3
 Ozocubu's Refrigeration  Ice            0%         4d7       100%        7


Dungeon Overview and Level Annotations

Branches:
Dungeon (1/1)

Altars:
Cheibriados
Dithmenos
Elyvilon
Fedhas
Gozag
Hepliaklqana
Kikubaaqudgha
Makhleb
Nemelex Xobeh
Okawaru
Qazlal
Ru
Sif Muna
Trog
Uskayaw
Vehumet
Wu Jian
Xom
Yredelemnul
Zin
The Shining One
Jiyva
Lugonu

Shops:
D (

Annotations:
D Sonja


Innate Abilities, Weirdness & Mutations

You are too large for most types of armour.
You have claws for hands.
Your natural rate of healing is unusually fast.
You are covered in fur. (AC +1)
You have tough skin. (AC +1)


Message History

You completely miss Sonja.
Sonja is heavily wounded.
You feel very sick. You block Sonja's attack.
Sonja hits you with a +0 short sword of venom.
* * * LOW HITPOINT WARNING * * *
Sonja barely misses you.
You miss Sonja.
Sonja is heavily wounded.
You feel very sick. You block Sonja's attack.
Sonja hits you but does no damage.
You are more poisoned.
Sonja closely misses you.
You miss Sonja.
Sonja is heavily wounded.
* * * LOW HITPOINT WARNING * * *
You feel very sick.
Sonja hits you with a +0 short sword of venom.
* * * LOW HITPOINT WARNING * * *
You are lethally poisoned!
Sonja barely misses you.
Sonja hits you with a +0 short sword of venom.
* * * LOW HITPOINT WARNING * * *
You are more poisoned.
You are too injured to fight recklessly!
You miss Sonja.
Sonja is heavily wounded.
* * * LOW HITPOINT WARNING * * *
You feel extremely sick.
Sonja casts a spell.
Sonja blinks!
You slam the door shut with a bang!
* * * LOW HITPOINT WARNING * * *
You feel very sick.
You feel a strong urge to attack something.
* * * LOW HITPOINT WARNING * * *
You feel very sick.
There is a radiant altar of Vehumet, spattered with blood here.
There is a lethal amount of poison in your body!
You die...

##########################
#<.#..)..#.)'..#__#..sss.#
#..').#..'..#..+..+s)#.s§##+
#..#####'#####+#__####...ss.
#..####..#...#.#### #####s.
#..#__####..##.# +#
#..#_____##'#_.+
#⌠⌠#_.∩...÷..._#
####_..__##@.#'#
#_____###+#.# ####### #.###
$.$ K.$ ##.## #+#


There were no monsters in sight!

Vanquished Creatures
  2 kobold demonologists (D)
  A slime creature (D)
  Sigmund (D)
  A yak (D)
  A floating eye (D)
  An ogre (D)
  A jelly (D)
  Ijyb (D)
9 creatures vanquished.

Notes
Turn   | Place    | Note
-------+----------+-------------------------------------------
     0 | D        | sircluck the Troll Fighter began the quest for the Orb.
     0 | D        | Reached XP level 1. HP: 22/22 MP: 0/0
     1 | D        | Noticed Ijyb
     8 | D        | Killed Ijyb
     9 | D        | Reached skill level 3 in Shields
     9 | D        | Reached XP level 2. HP: 31/31 MP: 1/1
    13 | D        | Noticed an ogre
    15 | D        | Killed an ogre
    16 | D        | Reached skill level 5 in Shields
    16 | D        | Reached XP level 3. HP: 40/40 MP: 2/2
    16 | D        | Reached XP level 4. HP: 49/49 MP: 3/3
    20 | D        | Noticed Sigmund
    32 | D        | Killed Sigmund
    33 | D        | Reached skill level 5 in Fighting
    33 | D        | Reached skill level 6 in Shields
    33 | D        | Reached XP level 5. HP: 52/59 MP: 4/4
    61 | D        | Found an ornate altar of the Wu Jian Council.
    61 | D        | Found a shimmering blue altar of Sif Muna.
    63 | D        | Found a radiant altar of Vehumet.
    68 | D        | Reached skill level 5 in Unarmed Combat
    68 | D        | Reached XP level 6. HP: 64/67 MP: 5/5
    78 | D        | Found Laikoll's Weapon Emporium.
    78 | D        | Found an ancient bone altar of Kikubaaqudgha.
    78 | D        | Found a hazy altar of Hepliaklqana.
    78 | D        | Found a stormy altar of Qazlal.
    78 | D        | Found a hide-covered altar of Uskayaw.
    78 | D        | Found a blossoming altar of Fedhas.
    78 | D        | Found a bloodstained altar of Trog.
    78 | D        | Found an iron altar of Okawaru.
    78 | D        | Found a basalt altar of Yredelemnul.
    78 | D        | Found a glowing golden altar of the Shining One.
    78 | D        | Found a snail-covered altar of Cheibriados.
    78 | D        | Found a sacrificial altar of Ru.
    78 | D        | Found a glowing silver altar of Zin.
    78 | D        | Found a shadowy altar of Dithmenos.
    78 | D        | Found a white marble altar of Elyvilon.
    78 | D        | Noticed a yak
    87 | D        | Killed a yak
    88 | D        | Reached skill level 7 in Shields
    88 | D        | Found an opulent altar of Gozag.
    89 | D        | Found a sparkling altar of Nemelex Xobeh.
   132 | D        | Found a burning altar of Makhleb.
   132 | D        | Found a viscous altar of Jiyva.
   132 | D        | Found a shimmering altar of Xom.
   132 | D        | Found a corrupted altar of Lugonu.
   132 | D        | Noticed a slime creature
   140 | D        | Killed a slime creature
   141 | D        | Reached skill level 8 in Shields
   141 | D        | Reached XP level 7. HP: 53/78 MP: 6/6
   176 | D        | Noticed a kobold demonologist
   176 | D        | Noticed a kobold demonologist
   180 | D        | Noticed a sixfirhy
   181 | D        | Noticed a soul eater
   184 | D        | Noticed a smoke demon
   184 | D        | Noticed a rust devil
   192 | D        | Killed a kobold demonologist
   205 | D        | Killed a kobold demonologist
   206 | D        | Reached skill level 9 in Shields
   206 | D        | Reached XP level 8. HP: 24/88 MP: 7/7
   368 | D        | Noticed a demonic crawler
   368 | D        | Noticed a demonic crawler
   368 | D        | Noticed a demonic crawler
   368 | D        | Noticed a demonic crawler
   388 | D        | Noticed Sonja
   408 | D        | HP: 3/132 [poisoned by Sonja]
   409 | D        | Succumbed to Sonja's poison

Illustrated notes

Levels and vault maps discovered:
D:        dungeon_sprint_1 [red_sonja_temple_1, red_sonja_temple_small_1]

Skill      XL: |  1  2  3  4  5  6  7 |
---------------+----------------------+-----
Fighting       | 3 4 5 6 7 8 |  8.0
Dodging        | 3 4 6 7 8 |  8.3
Shields        | 3 5 6 8 9 |  9.1
Unarmed Combat | 3 4 5 6 8 |  8.8
Evocations     | |  0.3

Action                     |  1- 3 |  4- 6 |  7- 9 || total
---------------------------+-------+-------+-------++-------
  Melee: Unarmed           |     7 |    24 |    37 ||    68
  Evoke: Wand              |     1 |       |     3 ||     4
    Use: Potion            |       |       |     3 ||     3
         Scroll            |       |       |     1 ||     1
 Armour: Robe              |     1 |     3 |     7 ||    11
  Dodge: Dodged            |     2 |     2 |    25 ||    29
  Block: Kite shield       |     1 |     8 |    24 ||    33

Table legend: (Time is in decaauts)
 A = Elapsed time spent in this place.
 B = Non-inter-level travel time spent in this place.
 C = Inter-level travel time spent in this place.
 D = Time resting spent in this place.
 E = Time spent auto-exploring this place.
 F = Levels seen in this place.
 G = Mean time per level.
                   A        B        C        D        E       F      G
               +--------+--------+--------+--------+--------+-----+--------+
         Total |    406 |    406 |      0 |    154 |      1 |   1 |  406.0 |
       Dungeon |    406 |    406 |      0 |    154 |      1 |   1 |  406.0 |
               +--------+--------+--------+--------+--------+-----+--------+

Top non-repeatable levels by time:
       D: 406 daAuts
